 Dungeon Crawl Stone Soup version 0.30-a0-1160-g6e42c06551 (webtiles) character file.

Game seed: 143721257548718032

9741 qeuew the Cardsharp (level 11, -1/94 HPs)
             Began as a Demonspawn Monk on Apr 26, 2023.
             Was a High Priest of Nemelex Xobeh.
             Slain by a komodo dragon (10 damage)
             ... on level 1 of the Lair of Beasts.
             The game lasted 00:12:50 (9791 turns).

qeuew the Cardsharp (Demonspawn Monk)               Turns: 9791, Time: 00:12:51

Health: -1/94      AC: 12    Str: 13    XL:     11   Next: 27%
Magic:  19/19      EV: 13    Int: 13    God:    Nemelex Xobeh [*****.]
Gold:   810        SH:  5    Dex: 15    Spells: 10/10 levels left

rFire   + . .        t - +3 flail
rCold   . . .        d - orb {light}
rNeg    . . .        g - +0 ring mail
rPois   .            C - +1 hat
rElec   .            (cloak unavailable)
rCorr   .            (no gloves)
SInv    .            (no boots)
Will    .....        h - amulet of reflection
Stlth   +            i - +4 ring of protection
HPRegen 0.35/turn    q - ring of protection from fire
MPRegen 0.16/turn

%: reflection
@: glowing
A: rugged brown scales 1, demonic guardian 2, corrupting presence 1, weakness
stinger 3, robust 1, weak 1
a: Renounce Religion, Draw Escape, Draw Destruction, Draw Summoning, Triple
Draw, Deal Four, Stack Five


You were on level 1 of the Lair of Beasts.
You worshipped Nemelex Xobeh.
Nemelex Xobeh was extremely pleased with you.
You visited 2 branches of the dungeon, and saw 11 of its levels.

You collected 810 gold pieces.

Inventory:

Hand Weapons
 a - a +1 mace of draining
 t - a +3 flail (weapon)
Missiles
 v - 2 throwing nets (quivered)
Armour
 d - an orb of light (worn)
 g - a +0 ring mail (worn)
 C - a +1 hat (worn)
Jewellery
 h - an amulet of reflection (around neck)
 i - a +4 ring of protection (left hand)
 q - a ring of protection from fire (right hand)
Wands
 m - a wand of mindburst (4)
 w - a wand of acid (6)
 x - a wand of digging (13)
 y - a wand of flame (20)
Scrolls
 j - a scroll of blinking
 k - 5 scrolls of teleportation
 n - 3 scrolls of enchant armour
 o - 2 scrolls of enchant weapon
 A - 2 scrolls of identify
Potions
 c - 6 potions of ambrosia
 e - 5 potions of might
 f - 3 potions of haste
 l - a potion of berserk rage
 p - 2 potions of invisibility
 u - a potion of curing
 B - a potion of brilliance


   Skills:
 + Level 7.2 Fighting
 * Level 9.0 Maces & Flails
 + Level 5.7 Armour
 + Level 6.5 Dodging
 * Level 11.5 Invocations
 + Level 4.8 Evocations


You had 10 spell levels left.
You didn't know any spells.
Your spell library contained the following spells:

 Spells                   Type           Power      Damage    Failure   Level
 Dazzling Flash           Conj/Hex       0%         N/A       88%         3
 Gell's Gravitas          Tloc           0%         N/A       88%         3
 Inner Flame              Hex/Fire       0%         N/A       88%         3
 Teleport Other           Tloc           0%         N/A       88%         3
 Volatile Blastmotes      Fire/Tloc      0%         2d10      88%         3
 Anguish                  Hex/Necr       0%         N/A       99%         4
 Iskenderun's Mystic Bla  Conj/Tloc      0%         2d3       99%         4
 Yara's Violent Unravell  Hex/Tmut       0%         3d3       100%        5
 Dispersal                Tloc           0%         N/A       100%        6
 Starburst                Conj/Fire      0%         6d3       100%        6
 Enfeeble                 Hex            0%         N/A       100%        7


Dungeon Overview and Level Annotations

Branches:
Dungeon (10/15)            Temple (0/1) D:4            Lair (1/5) D:8
    Orc: D:9-12

Altars:
Ashenzari
Cheibriados
Dithmenos
Gozag
Hepliaklqana
Kikubaaqudgha
Makhleb
Nemelex Xobeh
Ru
Trog
Uskayaw
Wu Jian
Xom


Innate Abilities, Weirdness & Mutations

You are partially covered in rugged brown scales. (AC +1, +3% HP)
A demonic guardian rushes to your aid.
Your presence sometimes corrodes those you injure.
You have a sharp stinger which inflicts weakening toxins.
You are robust. (+10% HP)
You are weak. (Str -2)


Message History

You are too injured to fight recklessly!
You are too injured to fight recklessly!
You are too injured to fight recklessly!
Unknown command.
The yak attacks as you move away! The yak gores you but does no damage.
The yak attacks as you move away! The yak closely misses you.
You are too injured to fight recklessly!
You are too injured to fight recklessly!
You are too injured to fight recklessly!
You are too injured to fight recklessly!
You are too injured to fight recklessly!
You are too injured to fight recklessly!
You are too injured to fight recklessly!
You are too injured to fight recklessly!
You are too injured to fight recklessly!
You are too injured to fight recklessly!
You hit the yak. You tail-slap the yak.
The yak looks weaker.
The yak is heavily wounded.
The yak barely misses you.
You sock the yak! You tail-slap the yak!
You kill the yak!
You hit the komodo dragon.
Your corrupting presence corrodes the komodo dragon!
The komodo dragon is lightly wounded.
The komodo dragon bites you but does no damage.
You sock the komodo dragon!
The komodo dragon is moderately wounded.
The komodo dragon bites you!!
* * * LOW HITPOINT WARNING * * *
You hit the komodo dragon. You tail-slap the komodo dragon!
The komodo dragon looks weaker.
The komodo dragon is heavily wounded.
The komodo dragon bites you!
* * * LOW HITPOINT WARNING * * *
A demonic guardian appears!
You barely miss the komodo dragon. You tail-slap the komodo dragon.
The komodo dragon is severely wounded.
The komodo dragon bites you!
You die...
Your body glows slightly brighter and disappears.

...........#
##.......†.## #
...........#
#.........#########
#...........#
#.......###...†...
#..........^#
#............###..
#...........#
##.....###.##.####
#....##......
#....## ######
##...# #.... ##..##
##.4.# #@#..#
##lY.# ###Y###
#§†Y# .........#
..........#
...........#
..........##
..$........


You could see a komodo dragon (corroded, weak), 3 yaks and a friendly orange
demon (summoned).

Vanquished Creatures
  A two-headed ogre (D:10)
  Joseph (D:8)
  Maggie (D:9)
  A rime drake (Lair:1)
  A kobold demonologist (D:9)
  2 hornets
  A wraith (D:10)
  3 wyverns
  10 yaks
  A steam dragon (D:6)
  Grum (D:9)
  A water moccasin (D:4)
  2 orc warriors (D:8)
  A black bear (D:8)
  A sky beast (D:7)
  A centaur (D:6)
  4 ogres
  7 wolves
  A phantom (D:5)
  2 kobold brigands
  5 bullfrogs
  2 scorpions
  2 gnoll sergeants
  5 wights
  5 killer bees
  A howler monkey (D:8)
  An orc priest (D:5)
  3 hounds
  3 jellies
  A gnoll bouda (D:4)
  2 iguanas (D:5)
  A sleepcap (D:6)
  3 orc wizards
  A hound zombie (D:3)
  Robin (D:3)
  10 gnolls
  2 adders
  2 shadow imps
  2 ufetubi
  2 adder skeletons (D:3)
  A worm (D:2)
  2 dart slugs (D:4)
  20 orcs
  7 bats
  8 endoplasms
  2 giant cockroaches
  16 goblins
  10 hobgoblins
  4 jackals (D:3)
  5 quokkas
  12 ball pythons
  5 frilled lizards
  17 kobolds
  5 rats
211 creatures vanquished.

Vanquished Creatures (collateral kills)
  A troll (D:10)
  Grinder (D:3)
  5 yaks
  A wyvern (D:4)
  A bullfrog (D:7)
  4 wights
  3 killer bees (D:9)
  A hound (D:7)
  A jelly (D:8)
  Jessica (D:3)
  Terence (D:2)
  2 iguanas
  A sleepcap (D:6)
  4 gnolls (D:4)
  An adder (D:4)
  An orc (D:8)
  An endoplasm (D:2)
  A goblin (D:4)
  A hobgoblin (D:1)
  4 kobolds
  A frilled lizard (D:2)
  A rat (D:2)
38 creatures vanquished.

Vanquished Creatures (others)
  5 fungi
  6 plants
11 creatures vanquished.

Grand Total: 260 creatures vanquished

Notes
Turn   | Place    | Note
-------+----------+-------------------------------------------
     0 | D:1      | qeuew the Demonspawn Monk began the quest for the Orb.
     0 | D:1      | Reached XP level 1. HP: 18/18 MP: 1/1
   176 | D:1      | Gained mutation: A weak demonic guardian rushes to your
                  | aid. [demonic ancestry]
   176 | D:1      | Reached XP level 2. HP: 24/24 MP: 2/2
  1278 | D:2      | Gained mutation: A demonic guardian rushes to your aid.
                  | [demonic ancestry]
  1278 | D:2      | Reached XP level 3. HP: 29/29 MP: 3/3
  1303 | D:2      | Noticed Terence
  1319 | D:2      | Killed Terence
  1320 | D:2      | Reached skill level 1 in Armour
  1552 | D:2      | Reached XP level 4. HP: 31/35 MP: 4/4
  1744 | D:2      | Found a sparkling altar of Nemelex Xobeh.
  1794 | D:2      | Became a worshipper of Nemelex Xobeh the Trickster
  1794 | D:2      | Reached * piety under Nemelex Xobeh
  1794 | D:2      | Received a gift from Nemelex Xobeh
  1794 | D:2      | Reached ** piety under Nemelex Xobeh
  2098 | D:3      | Found a bloodstained altar of Trog.
  2124 | D:3      | Reached skill level 1 in Invocations
  2188 | D:3      | Noticed Jessica
  2192 | D:3      | Killed Jessica
  2193 | D:3      | Gained mutation: You have a small tail. [demonic ancestry]
  2193 | D:3      | Reached XP level 5. HP: 22/40 MP: 4/6
  2395 | D:3      | Noticed Grinder
  2413 | D:3      | Killed Grinder
  2414 | D:3      | Reached skill level 3 in Invocations
  2414 | D:3      | Gained mutation: You have a tail ending in a sharp stinger.
                  | [demonic ancestry]
  2414 | D:3      | Reached XP level 6. HP: 19/48 MP: 6/8
  2592 | D:3      | Found a hazy altar of Hepliaklqana.
  2636 | D:3      | Received a gift from Nemelex Xobeh
  2677 | D:3      | Noticed Robin
  2684 | D:3      | Killed Robin
  2806 | D:3      | Gained mutation: Your spells are a little harder to cast,
                  | but a little more powerful. [potion of mutation]
  2806 | D:3      | Gained mutation: You occasionally lose the ability to read
                  | scrolls when taking damage. [potion of mutation]
  2807 | D:3      | Lost mutation: You occasionally lose the ability to read
                  | scrolls when taking damage. [potion of mutation]
  2807 | D:3      | Lost mutation: Your spells are a little harder to cast, but
                  | a little more powerful. [potion of mutation]
  2807 | D:3      | Gained mutation: You are weak. (Str -2) [potion of
                  | mutation]
  2807 | D:3      | Gained mutation: You are robust. (+10% HP) [potion of
                  | mutation]
  2862 | D:4      | Found a staircase to the Ecumenical Temple.
  3129 | D:4      | Reached skill level 4 in Invocations
  3192 | D:4      | Reached *** piety under Nemelex Xobeh
  3258 | D:4      | Reached XP level 7. HP: 59/59 MP: 10/10
  3328 | D:4      | Noticed a wyvern
  3342 | D:4      | Killed a wyvern
  3343 | D:4      | Reached skill level 5 in Maces & Flails
  3343 | D:4      | Reached skill level 5 in Invocations
  3599 | D:4      | Found an opulent altar of Gozag.
  3816 | D:5      | Entered Level 5 of the Dungeon
  3839 | D:5      | Reached XP level 8. HP: 60/67 MP: 12/12
  4064 | D:5      | Reached skill level 6 in Invocations
  4215 | D:5      | Received a gift from Nemelex Xobeh
  4530 | D:5      | Reached **** piety under Nemelex Xobeh
  4808 | D:5      | Identified the +2 rapier of Yesterday {vamp, Int+3}
  4871 | D:6      | Reached skill level 5 in Fighting
  4906 | D:6      | Reached skill level 1 in Evocations
  4911 | D:6      | Reached skill level 7 in Invocations
  5052 | D:6      | Received a gift from Nemelex Xobeh
  5525 | D:6      | Found a shadowy altar of Dithmenos.
  5528 | D:6      | Received a gift from Nemelex Xobeh
  5556 | D:7      | Found a snail-covered altar of Cheibriados.
  5569 | D:7      | Gained mutation: You have a sharp stinger which inflicts
                  | weakening toxins. [demonic ancestry]
  5569 | D:7      | Reached XP level 9. HP: 69/74 MP: 14/14
  5593 | D:7      | Reached skill level 5 in Dodging
  5756 | D:7      | Found a hide-covered altar of Uskayaw.
  5939 | D:7      | Found a shimmering altar of Xom.
  6290 | D:7      | Found a sparkling altar of Nemelex Xobeh.
  6396 | D:8      | Noticed Joseph
  6411 | D:8      | Killed Joseph
  6412 | D:8      | Reached skill level 8 in Invocations
  6489 | D:8      | Reached skill level 9 in Invocations
  6712 | D:8      | Found a broken altar of Ashenzari.
  6740 | D:8      | Found a staircase to the Lair.
  6823 | D:8      | Found an ornate altar of the Wu Jian Council.
  7246 | D:9      | Gained mutation: You are partially covered in rugged brown
                  | scales. (AC +1, +3% HP) [demonic ancestry]
  7246 | D:9      | Reached XP level 10. HP: 44/85 MP: 16/16
  7413 | D:9      | Received a gift from Nemelex Xobeh
  7458 | D:9      | You fall into a shaft and drop 1 floor!
  7458 | D:10     | Entered Level 10 of the Dungeon
  7508 | D:10     | Paralysed by a hornet for 2 turns
  7754 | D:10     | Found a sacrificial altar of Ru.
  7819 | D:10     | Noticed a two-headed ogre
  7836 | D:10     | Killed a two-headed ogre
  7837 | D:10     | Reached skill level 5 in Armour
  7837 | D:10     | Reached skill level 10 in Invocations
  8028 | D:10     | Reached ***** piety under Nemelex Xobeh
  8063 | D:10     | Found Avuremec's Magic Scroll Shoppe.
  8130 | D:9      | Noticed Grum
  8157 | D:9      | Killed Grum
  8435 | D:9      | Noticed Maggie
  8443 | D:9      | Killed Maggie
  8747 | D:9      | Found an ancient bone altar of Kikubaaqudgha.
  8763 | D:9      | Identified the +3 glaive of the Skies Above {heavy, rElec
                  | rC- Int+2 SInv}
  8805 | D:9      | Found a burning altar of Makhleb.
  8821 | D:9      | Received a gift from Nemelex Xobeh
  9083 | D:9      | Reached skill level 11 in Invocations
  9083 | D:9      | Gained mutation: Your presence sometimes corrodes those you
                  | injure. [demonic ancestry]
  9083 | D:9      | Reached XP level 11. HP: 79/93 MP: 19/19
  9451 | Lair:1   | Entered Level 1 of the Lair of Beasts
  9728 | Lair:1   | Received a gift from Nemelex Xobeh
  9791 | Lair:1   | Slain by a komodo dragon

Illustrated notes

Levels and vault maps discovered:
D:1:      amcnicky_arrival_wind_blow, layout_basic
D:2:      cheibrodos_helix_gallery, layout_basic, basic_altar, uniq_terence
D:3:      layout_loops_cross, mainiacjoe_overflow_concentric_impassable,
          lemuel_doored_altar, serial_undead, serial_undead_b, serial_undead_a,
          serial_undead_f, serial_undead_b, serial_undead_f, uniq_robin,
          uniq_grinder, uniq_jessica
D:4:      cheibrodos_barr_body, layout_basic, marbit_many_paths,
          minmay_temple_entry_mini_moons
D:5:      layout_basic, minmay_misc_feat_square, nicolae_elevator_lobby_plus
D:6:      layout_basic, grunt_dithmenos_smoke_and_mirrors
D:7:      layout_rooms, kennysheep_mini_moat, amcnicky_altar_gilded,
          mainiacjoe_overflow_alcove_4, nemelex_altar_shiori
D:8:      layout_basic, nzn_wu_jian_contemplation, pf_just_have_faith,
          grunt_lair_entry_orc_guard_hut, uniq_joseph
D:9:      layout_loops_corners, lightli_temple_of_fire,
          mainiacjoe_overflow_alcove_1, uniq_maggie, uniq_grum
D:10:     layout_loops_ring, nicolae_tso_swordbearing_angel,
          nicolae_ru_awakened_eye, serial_shops, shop
Lair:1:   layout_cave_pods

Skill      XL: |  1  2  3  4  5  6  7  8  9 10 11 |
---------------+----------------------------------+-----
Maces & Flails | 3 4 5 6 7 8 9 |  9.0
Dodging        | 3 4 5 6 |  6.5
Armour         | 1 2 3 4 5 |  5.7
Invocations    | 1 3 4 5 7 9 11 | 11.5
Fighting       | 4 5 6 7 |  7.2
Evocations     | 1 3 4 |  4.8

Action                     |  1- 3 |  4- 6 |  7- 9 | 10-12 || total
---------------------------+-------+-------+-------+-------++-------
  Melee: Mace              |   102 |   166 |   281 |       ||   549
         Tailslap          |       |    15 |    50 |    57 ||   122
         Flail             |       |       |     8 |   217 ||   225
 Invoke: Draw Destruction  |       |     1 |     6 |     3 ||    10
         Draw Summoning    |       |       |     1 |     2 ||     3
    Use: Scroll            |     5 |     4 |     6 |     2 ||    17
         Potion            |     5 |     6 |     2 |       ||    13
   Stab: Distracted        |       |       |     2 |       ||     2
 Armour: Robe              |    11 |       |       |       ||    11
         Ring mail         |    21 |    79 |   126 |    80 ||   306
  Dodge: Dodged            |    84 |   111 |   221 |   164 ||   580
  Block: Orb               |       |       |    33 |    43 ||    76
         Reflection        |       |       |       |     1 ||     1

Table legend: (Time is in decaauts)
 A = Elapsed time spent in this place.
 B = Non-inter-level travel time spent in this place.
 C = Inter-level travel time spent in this place.
 D = Time resting spent in this place.
 E = Time spent auto-exploring this place.
 F = Levels seen in this place.
 G = Mean time per level.
                   A        B        C        D        E       F      G
               +--------+--------+--------+--------+--------+-----+--------+
         Total |   9868 |   9534 |    334 |     27 |   7875 |  11 |  897.1 |
       Dungeon |   9532 |   9198 |    334 |     27 |   7676 |  10 |  953.2 |
          Lair |    336 |    336 |      0 |      0 |    199 |   1 |  336.0 |
               +--------+--------+--------+--------+--------+-----+--------+

Top non-repeatable levels by time:
     D:9: 1606 daAuts
     D:1: 1224 daAuts
     D:5: 1048 daAuts
     D:4: 1006 daAuts
     D:7: 851 daAuts
     D:3: 837 daAuts
     D:8: 833 daAuts
     D:2: 803 daAuts
     D:6: 686 daAuts
    D:10: 632 daAuts
  Lair:1: 336 daAuts
